 Dungeon Crawl Stone Soup version 0.22-a0-525-gf69a080 (webtiles) character file.

6505 pk666 the Thaumaturge (level 10, -1/50 HPs)
             Began as a Deep Elf Fire Elementalist on June 22, 2018.
             Was a Follower of Vehumet.
             Slain by a flying skull (8 damage)
             ... in a volcano.
             The game lasted 00:31:14 (9897 turns).

pk666 the Thaumaturge (Deep Elf Fire Elementalist)  Turns: 9897, Time: 00:31:17

Health: -1/50      AC:  5    Str:  5    XL:     10   Next: 69%
Magic:  25/37      EV: 13    Int: 24    God:    Vehumet [*.....]
Gold:   520        SH:  6    Dex: 18    Spells: 20/33 levels left

rFire    . . .     SeeInvis .   G - +7 dagger "Gejaf" {freeze, MR+ Dex+3}
rCold    . . .     Gourm    .   (no shield)
rNeg     + . .     Faith    .   e - +2 robe {MR+}
rPois    .         Spirit   .   (no helmet)
rElec    .         Reflect  +   m - scarf {repulsion}
rCorr    .         Harm     .   s - +0 pair of gloves
MR       +++..                  (no boots)
Stlth    ++........             y - +6 amulet of reflection
HPRegen  0.16/turn              d - ring of positive energy
MPRegen  0.25/turn              v - ring of magical power

@: repel missiles
A: no striking features
a: Renounce Religion


You were in a volcano.
You worshipped Vehumet.
Vehumet was aware of your devotion.
You were near starving.

You visited 3 branches of the dungeon, and saw 10 of its levels.
You also visited: Ossuary and Volcano.

You collected 520 gold pieces.

Inventory:

Hand Weapons
 G - the +7 dagger "Gejaf" (weapon) {freeze, MR+ Dex+3}
   (You found it on level 7 of the Dungeon)

   It has been specially enchanted to freeze those struck by it, causing extra
   injury to most foes and up to half again as much damage against particularly
   susceptible opponents.
   It can also slow down cold-blooded creatures.
   It affects your dexterity (+3).
   It affects your resistance to hostile enchantments.
Armour
 e - a +2 robe of magic resistance (worn)
 i - a +2 cloak of poison resistance
 m - a scarf of repulsion (worn)
 s - a +0 pair of gloves (worn)
Jewellery
 d - a ring of positive energy (left hand)
 v - a ring of magical power (right hand)
 y - a +6 amulet of reflection (around neck)
 H - an uncursed ring of resist corrosion {unknown}
Wands
 t - a wand of polymorph (9)
 D - a wand of disintegration (18)
Scrolls
 f - 4 scrolls of identify
 h - a scroll of fog
 j - 2 scrolls of fear
 o - 2 scrolls of noise
 p - a scroll of remove curse
 r - 5 scrolls of teleportation
 x - 2 scrolls of random uselessness
Potions
 a - 4 potions of heal wounds
 b - 7 potions of flight
 g - 4 potions of resistance
 k - a potion of might
 q - 3 potions of agility
 u - 2 potions of curing
 w - a potion of ambrosia
 z - a potion of invisibility
 A - 3 potions of lignification
 C - a potion of haste {unknown}
 F - a potion of berserk rage
Comestibles
 c - 14 rations


   Skills:
 - Level 2.4 Dodging
 - Level 2.4 Stealth
 + Level 12.1 Spellcasting
 + Level 10.7 Conjurations
 + Level 10.6 Fire Magic


You had 20 spell levels left.
You knew the following spells:

 Your Spells              Type           Power        Failure   Level  Hunger
a - Flame Tongue          Conj/Fire      #####        1%          1    None
b - Sticky Flame          Conj/Fire      ######..     1%          4    None
c - Conjure Flame         Conj/Fire      ######..     1%          3    None
z - Fireball              Conj/Fire      ######....   1%          5    ###....

Your spell library contained the following spells:

 Spells                   Type           Power        Failure   Level  Hunger
 Confuse                  Hex            ##......     13%         3    None
 Throw Flame              Conj/Fire      ######       1%          2    None
 Tukima's Dance           Hex            ##......     13%         3    None
 Ensorcelled Hibernation  Hex/Ice        ##....       6%          2    None
 Corona                   Hex            ##.....      4%          1    None
 Inner Flame              Hex/Fire       #####...     1%          3    None
 Dazzling Spray           Conj/Hex       #####.       1%          3    None


Dungeon Overview and Level Annotations

Branches:
Dungeon (8/15)             Temple (1/1) D:7            Lair (1/6) D:8

Altars:
Ashenzari
Cheibriados
Dithmenos
Elyvilon
Fedhas
Gozag
Hepliaklqana
Kikubaaqudgha
Makhleb
Nemelex Xobeh
Okawaru
Qazlal
Ru
Sif Muna
Trog
Uskayaw
Vehumet
Wu Jian
Xom
Yredelemnul
Zin
The Shining One

Annotations:
Lair:1 2 runed doors


Message History

The flying skull burns!
The flying skull hits you but does no damage.
You block the flying skull's attack.
The flying skull burns!
The flying skull closely misses you.
The flying skull burns!
You hit the flying skull but do no damage.
The flying skull is almost destroyed.
The flying skull burns!
The flying skull stops burning.
You block the flying skull's attack. The flying skull hits you!
You are near starving!
You miss the flying skull.
The flying skull is almost destroyed.
The flying skull hits you!
You miss the flying skull.
The flying skull is almost destroyed.
The flying skull hits you! x2
* * * LOW HITPOINT WARNING * * *
A flying skull comes into view.
The flying skull hits you!
You die...

## ##..######
.........###
...........##
..........z@###
≈≈≈§.......z..###
≈§≈≈≈≈..........##
≈§≈≈z§§....∩.∩...#
≈§≈≈§§§§§§........#
≈≈§§§§§§§§§........
≈≈≈§§§§≈§§§≈≈≈§....
≈≈§≈≈§§§§§§≈≈≈≈§...
≈§§§≈≈≈§≈§≈≈§≈§≈.


You could see 3 flying skulls.

Vanquished Creatures
  2 spiny frogs (Lair:1)
  A troll (D:8)
  2 hippogriffs
  Prince Ribbit (D:7)
  5 yaks (D:8)
  Menkaure (D:6)
  Duvessa (D:7)
  2 orc warriors
  A sky beast (D:8)
  An ice beast (D:8)
  A phantom (D:7)
  4 ogres
  3 centaurs
  A wolf (D:8)
  A crocodile (D:8)
  2 big kobolds (D:7)
  3 bullfrogs
  Dowan (D:7)
  2 wyvern zombies (Ossuary)
  2 scorpions
  2 wyvern skeletons
  6 killer bees (D:8)
  2 electric eels (D:8)
  5 howler monkeys
  2 centaur zombies (Ossuary)
  7 bullfrog zombies
  A bullfrog skeleton (D:4)
  9 orc wizards
  9 hounds
  3 orc priests
  A jelly (D:7)
  Crazy Yiuf (D:2)
  Jessica (D:2)
  2 iguanas (D:7)
  5 worker ants
  Terence (D:3)
  A killer bee zombie (Ossuary)
  3 hound zombies
  10 mummies (Ossuary)
  A hound skeleton (D:3)
  A worker ant zombie (Ossuary)
  11 gnolls
  8 adders
  3 shadow imps
  3 oozes
  An adder zombie (Ossuary)
  2 adder skeletons
  2 worms (D:3)
  A dart slug (D:1)
  8 leopard geckos
  23 orcs
  4 giant cockroaches
  2 gnoll zombies (D:6)
  8 goblins
  8 hobgoblins
  13 jackals
  3 quokkas
  4 ball pythons (D:1)
  10 bats
  4 frilled lizards
  15 kobolds
  A leopard gecko zombie (Ossuary)
  5 quokka zombies
  9 rats
258 creatures vanquished.

Vanquished Creatures (others)
  4 withered plants (Ossuary)
4 creatures vanquished.

Grand Total: 262 creatures vanquished

Notes
Turn   | Place    | Note
-------+----------+-------------------------------------------
     0 | D:1      | pk666 the Deep Elf Fire Elementalist began the quest for the Orb.
     0 | D:1      | Reached XP level 1. HP: 10/10 MP: 6/6
   121 | D:1      | Reached XP level 2. HP: 5/15 MP: 0/8
   766 | D:1      | Reached XP level 3. HP: 19/19 MP: 7/10
  1211 | D:1      | Found a sparkling altar of Nemelex Xobeh.
  1477 | D:2      | Noticed Jessica
  1483 | D:2      | Killed Jessica
  1483 | D:2      | Reached XP level 4. HP: 24/24 MP: 8/11
  1716 | D:2      | Reached skill level 4 in Spellcasting
  1812 | D:2      | Reached XP level 5. HP: 11/28 MP: 6/13
  1996 | D:2      | Found a runed door.
  2233 | D:2      | Noticed Crazy Yiuf
  2239 | D:2      | Killed Crazy Yiuf
  2514 | D:3      | Learned a level 4 spell: Sticky Flame
  2518 | D:3      | Learned a level 3 spell: Conjure Flame
  2825 | D:3      | Noticed Terence
  2846 | D:3      | Killed Terence
  3397 | D:4      | Noticed an ogre
  3408 | D:4      | Killed an ogre
  3408 | D:4      | Reached skill level 5 in Spellcasting
  3408 | D:4      | Reached skill level 5 in Conjurations
  3408 | D:4      | Reached XP level 6. HP: 32/32 MP: 6/15
  3560 | D:4      | Reached skill level 5 in Fire Magic
  3823 | D:4      | Noticed an orc warrior
  3827 | D:4      | Reached XP level 7. HP: 36/36 MP: 8/17
  3846 | D:3      | Reached skill level 6 in Spellcasting
  4300 | D:5      | Entered Level 5 of the Dungeon
  4341 | D:5      | Found a burning altar of Makhleb.
  4693 | D:5      | Found a sand-covered staircase.
  4697 | Ossuary  | Entered an ossuary
  4889 | Ossuary  | Reached skill level 7 in Spellcasting
  4935 | Ossuary  | Reached XP level 8. HP: 35/41 MP: 16/20
  5456 | Ossuary  | Reached skill level 8 in Spellcasting
  5670 | D:5      | Found a basalt altar of Yredelemnul.
  5738 | D:5      | Noticed a hippogriff
  5744 | D:5      | Killed a hippogriff
  6373 | D:6      | Noticed Menkaure
  6375 | D:6      | Found a shadowy altar of Dithmenos.
  6379 | D:6      | Killed Menkaure
  6399 | D:6      | Reached skill level 9 in Spellcasting
  6501 | D:6      | Reached XP level 9. HP: 37/45 MP: 24/24
  6508 | D:6      | Learned a level 5 spell: Fireball
  6750 | D:6      | Found a basalt altar of Yredelemnul.
  6810 | D:7      | Noticed Duvessa
  6812 | D:7      | Noticed Dowan
  6819 | D:7      | Killed Duvessa
  6822 | D:7      | Killed Dowan
  7178 | D:7      | Reached skill level 10 in Spellcasting
  7515 | D:7      | Found a staircase to the Ecumenical Temple.
  7691 | D:7      | Noticed Prince Ribbit
  7805 | Temple   | Entered the Ecumenical Temple
  7936 | Temple   | Became a worshipper of Vehumet
  8308 | D:7      | Killed Prince Ribbit
  8420 | D:7      | Got a slimy dagger
  8421 | D:7      | Identified the +7 dagger "Gejaf" {freeze, MR+ Dex+3} (You found it on level 7 of the Dungeon)
  8475 | D:8      | Noticed a troll
  8485 | D:8      | Killed a troll
  8485 | D:8      | Reached XP level 10. HP: 50/50 MP: 17/26
  8489 | D:8      | Reached skill level 11 in Spellcasting
  8795 | D:8      | Found a staircase to the Lair.
  8873 | D:8      | Reached skill level 10 in Conjurations
  9003 | D:8      | Reached * piety under Vehumet
  9003 | D:8      | Offered knowledge of Sandblast by Vehumet.
  9014 | D:8      | Reached skill level 10 in Fire Magic
  9564 | Lair:1   | Entered Level 1 of the Lair of Beasts
  9654 | Lair:1   | Noticed a spiny frog
  9656 | Lair:1   | Noticed a spiny frog
  9658 | Lair:1   | Killed a spiny frog
  9658 | Lair:1   | Reached skill level 12 in Spellcasting
  9664 | Lair:1   | Killed a spiny frog
  9866 | Lair:1   | Found a runed gate.
  9867 | Lair:1   | Found a runed gate.
  9873 | Lair:1   | Found a dark tunnel.
  9883 | Volcano  | Entered a volcano
  9897 | Volcano  | Slain by a flying skull

Vault maps used:
D:1:      dpeg_arrival_chambers_temple_mockup, st_stairs_5,
          nemelex_diamond_rough_becter
D:2:      first_ration, uniq_jessica, uniq_crazy_yiuf_cottage
D:3:      uniq_terence
D:4:      hangedman_decor_clover_reticule, guppyfry_early_orc_mine
D:5:      basic_altar, enter_ossuary_5, kennysheep_flooded_box
D:6:      lemuel_zombie_altar_yredelemnul, nicolae_dithmenos_shadow_blocks,
          uniq_menkaure
D:7:      minmay_temple_entry_butterflies, uniq_duvessa, uniq_prince_ribbit1
D:8:      erik_lair_island
Temple:   kilobyte_greek_temple
Lair:1:   nicolae_volcano_entry_hallway, gammafunk_ghost_ooze,
          cheibrodos_lair_caveside_slide
Ossuary:  ossuary_zaba_flooded
Volcano:  volcano_tomb

Skill      XL: |  1  2  3  4  5  6  7  8  9 10 |
---------------+-------------------------------+-----
Conjurations   | 2 3 5 6 8 9 10 | 10.7
Fire Magic     | 4 5 6 7 9 10 | 10.6
Spellcasting   | 4 5 7 9 10 12 | 12.1
Dodging        | |  2.4
Stealth        | |  2.4

Action                   |  1- 3 |  4- 6 |  7- 9 | 10-12 || total
-------------------------+-------+-------+-------+-------++-------
Melee: Unarmed           |    11 |     2 |    10 |       ||    23
       Dagger            |       |       |       |     6 ||     6
 Cast: Flame Tongue      |    63 |   135 |   273 |    78 ||   549
       Conjure Flame     |       |     2 |    30 |     8 ||    40
       Sticky Flame      |       |       |    18 |     7 ||    25
       Fireball          |       |       |    11 |    14 ||    25
Evoke: Wand              |       |       |    15 |       ||    15
  Use: Potion            |     7 |       |       |     2 ||     9
       Scroll            |       |     2 |     5 |     8 ||    15
  Eat: Chunk             |     1 |     8 |    13 |     5 ||    27
       Ration            |       |       |     1 |       ||     1
Armor: Robe              |    13 |     7 |    20 |     5 ||    45
Dodge: Dodged            |    57 |    26 |    60 |    11 ||   154
       Deflected         |       |       |     5 |       ||     5
Block: Other             |       |       |    20 |     6 ||    26
       Reflection        |       |       |     1 |       ||     1

Table legend:
 A = Spawn XP
 B = Non-spawn XP
 C = Spawn XP percentage of total XP
 D = Spawn monster count
 E = Non-spawn monster count
 F = Spawn count percentage of total count
 G = Total turns spent on level
                    A         B        C        D         E        F      G
               +---------+---------+-------+---------+---------+-------+---------
         Total |       0 |    9294 |   0.0 |       0 |     258 |   0.0 |  9897
               +---------+---------+-------+---------+---------+-------+---------
           D:1 |       0 |      60 |   0.0 |       0 |      34 |   0.0 |  1473
           D:2 |       0 |     200 |   0.0 |       0 |      26 |   0.0 |   895
           D:3 |       0 |     246 |   0.0 |       0 |      23 |   0.0 |  1130
           D:4 |       0 |     456 |   0.0 |       0 |      19 |   0.0 |   802
           D:5 |       0 |     662 |   0.0 |       0 |      15 |   0.0 |  1082
           D:6 |       0 |     489 |   0.0 |       0 |      16 |   0.0 |   611
           D:7 |       0 |    2284 |   0.0 |       0 |      48 |   0.0 |  1461
           D:8 |       0 |    3209 |   0.0 |       0 |      46 |   0.0 |  1002
        Lair:1 |       0 |     814 |   0.0 |       0 |       2 |   0.0 |   319
       Ossuary |       0 |     874 |   0.0 |       0 |      29 |   0.0 |   934
               +---------+---------+-------+---------+---------+-------+---------
